 Dungeon Crawl Stone Soup version 0.21.1-1-g345015fe64 (webtiles) character file.

100 BrokenGlass the Skirmisher (level 4, -3/33 HPs)
             Began as an Octopode Fighter on Mar 26, 2018.
             Slain by an ogre
             ... wielding a +0 giant club
              (21 damage)
             ... on level 3 of the Dungeon.
             The game lasted 00:01:16 (1681 turns).

BrokenGlass the Skirmisher (Octopode Fighter)       Turns: 1681, Time: 00:01:16

Health: -3/33      AC:  1    Str: 16    XL:     4   Next: 74%
Magic:  4/4        EV: 10    Int: 10    God:
Gold:   91         SH:  8    Dex: 11    Spells: 3/3 levels left

rFire    . . .     SeeInvis .   a - +0 rapier
rCold    . . .     Gourm    .   b - +0 shield
rNeg     . . .     Faith    .   (helmet restricted)
rPois    .         Spirit   .   (no amulet)
rElec    .         Reflect  .   (no ring)
rCorr    .         Harm     .   (no ring)
MR       .....                  (no ring)
Stlth    +++.......             (no ring)
HPRegen  0.11/turn              (no ring)
MPRegen  0.09/turn              (no ring)
                                (no ring)
                                (no ring)

@: heavily drained
A: almost no armour, stealthy swim, amphibious, 8 rings, constrict 8, camouflage
1, gelatinous body 1
a: no special abilities


You were on level 3 of the Dungeon.
You were very hungry.

You visited 1 branch of the dungeon, and saw 3 of its levels.

You collected 91 gold pieces.

Inventory:

Hand Weapons
 a - a +0 rapier (weapon)
Missiles
 g - 40 poisoned needles
 m - 7 bolts
 o - 25 arrows
Armour
 b - a +0 shield (worn)
Scrolls
 e - a scroll of identify {unknown}
 j - a scroll of magic mapping {unknown}
 l - a scroll of random uselessness {unknown}
 n - a scroll of enchant armour {unknown}
 q - 2 scrolls of enchant weapon {unknown}
Potions
 c - a potion of might
 f - a potion of haste {unknown}
 h - a potion of heal wounds {unknown}
 i - 2 potions of brilliance {unknown}
 k - a potion of curing {unknown}
 p - a potion of resistance {unknown}
 r - a potion of mutation {unknown}
Comestibles
 d - 3 rations


   Skills:
 * Level 4.1(2.8) Fighting
 + Level 2.7(1.5) Short Blades
 - Level 3.0(1.7) Dodging
 * Level 3.7(2.4) Stealth
 - Level 3.0(1.7) Shields


You had 3 spell levels left.
You didn't know any spells.

Dungeon Overview and Level Annotations

Branches:
Dungeon (3/15)

Altars:
Uskayaw


Innate Abilities, Weirdness & Mutations

You cannot wear most types of armour.
You are very stealthy in the water. (Stealth+)
You are amphibious.
You can wear up to eight rings at the same time.
You can use your tentacles to constrict eight enemies at once.
Your skin changes colour to match your surroundings (Stealth+).
Your rubbery body absorbs attacks. (AC +1, EV +1)


Message History

There are monsters nearby!
There are monsters nearby!
There are monsters nearby!
There are monsters nearby!
The ogre shouts!
You hear a shout!
A rat comes into view.
The rat moves out of view.
The ogre barely misses you.
A hobgoblin comes into view.
You closely miss the ogre. You squeeze the ogre, but do no damage.
You hit the ogre.
The ogre is lightly wounded.
You block the ogre's attack.
You hit the ogre but do no damage.
The ogre is lightly wounded.
The ogre hits you with a giant club!
You barely miss the ogre. You squeeze the ogre.
The ogre is moderately wounded.
The ogre hits you with a giant club!!
Ouch! That really hurt!
You die...

....... ....
...... ...
#....###.# ##
#...#...#..#
#.......#..#
###...<......#
.....#........#
#.............##
....####@..<....
## #O.......
#........
#).......
###..g... ##....
.... ...


You could see an ogre and a hobgoblin.

Vanquished Creatures
  A gnoll (D:1)
  4 adders (D:2)
  An ooze (D:2)
  2 dart slugs (D:1)
  A leopard gecko (D:1)
  An orc (D:2)
  4 giant cockroaches
  4 goblins
  2 hobgoblins (D:1)
  5 jackals (D:1)
  6 kobolds
  A quokka (D:2)
  6 bats (D:1)
  2 frilled lizards
  5 rats
45 creatures vanquished.

Notes
Turn   | Place    | Note
-------+----------+-------------------------------------------
     0 | D:1      | BrokenGlass the Octopode Fighter began the quest for the Orb.
     0 | D:1      | Reached XP level 1. HP: 16/16 MP: 1/1
    44 | D:1      | Reached skill level 1 in Stealth
    59 | D:1      | Reached XP level 2. HP: 15/21 MP: 2/2
   167 | D:1      | Reached XP level 3. HP: 26/26 MP: 3/3
   827 | D:2      | Found a hide-covered altar of Uskayaw.
   991 | D:2      | Reached XP level 4. HP: 33/33 MP: 4/4
  1148 | D:2      | Reached skill level 4 in Fighting
  1398 | D:2      | Noticed an enchanted hand axe
  1398 | D:2      | Noticed a hand axe
  1674 | D:3      | Noticed an ogre
  1681 | D:3      | Slain by an ogre

Skill      XL: |  1  2  3  4 |
---------------+-------------+-----
Stealth        | 1 2 3 |  3.7
Fighting       | 4 |  4.1
Short Blades   | |  2.7
Dodging        | |  3.0
Shields        | |  3.0

Action                   |  1- 3 |  4- 6 || total
-------------------------+-------+-------++-------
Melee: Rapier            |    51 |    29 ||    80
       Constrict         |    11 |     4 ||    15
       Tentacles         |     6 |     5 ||    11
 Stab: Sleeping          |    11 |     4 ||    15
  Eat: Chunk             |       |     1 ||     1
Armor: Skin              |     3 |     2 ||     5
Dodge: Dodged            |    16 |     7 ||    23
Block: Shield            |    16 |     9 ||    25
